Map: [ESL] Royal Blood

Players

Nina

  • Race: Protoss Protoss
  • Spawn Location: 1:00

MaSa - Winner!

  • Race: Terran Terran
  • Spawn Location: 7:00

Event: ESL SC2 Masters 2023 Summer (Regionals)

VOD

Have the link to the VOD?

Description

Time

  • Played on: May 5, 2023, 3:07 p.m.
  • Length: 11:39

All games in this series

Show
View Real Time Build Order
Export as new Build Order

Nina Protoss 

Build Orders: 1 Gate Expand 

Get SALT Encoding   

  12  0:00  Probe  
  13  0:12  Probe  
  14  0:18  Pylon  
  14  0:24  Probe  
  15  0:36  Probe (Chrono Boost)  
  15  0:37  Gateway  
  16  0:47  Probe (Chrono Boost)  
  17  0:51  Probe (Chrono Boost), Assimilator  
  18  1:03  Probe  
  19  1:15  Probe  
  20  1:25  Cybernetics Core  
  20  1:34  Nexus  
  20  1:41  Pylon  
  20  1:43  Probe  
  21  1:52  Assimilator  
  21  1:55  Probe  
  21  1:59  Stalker (Chrono Boost)  
  22  2:05  Warp Gate  
  22  2:07  Probe  
  25  2:20  Probe  
  23  2:30  Stalker  
  23  2:32  Probe  
  26  2:44  Probe  
  27  2:54  Shield Battery  
  27  2:56  Robotics Facility  
  27  2:59  Probe  
  27  3:01  Stalker (Chrono Boost)  
  27  3:04  Shield Battery  
  31  3:11  Probe  
  31  3:20  Gateway  
  31  3:23  Stalker  
  33  3:29  Shield Battery  
  33  3:32  Probe  
  34  3:35  Probe  
  35  3:48  Probe  
  34  3:51  Probe  
  35  4:03  Stalker  
  35  4:09  Shield Battery  
  36  4:19  Stalker  
  35  4:31  Sentry  
  35  4:36  Robotics Bay  
  38  4:40  Pylon  
  38  4:42  Pylon  
  37  4:57  Warp Prism (Chrono Boost)  
  39  5:00  Probe, Stalker  
  42  5:12  Probe, Pylon  
  43  5:23  Gravitic Drive  
  43  5:24  Probe, Disruptor (Chrono Boost)  
  47  5:40  Nexus  
  47  5:42  Probe  
  48  5:54  Disruptor (Chrono Boost)  
  51  5:59  Probe  
  51  6:07  Stalker x2  
  55  6:20  Pylon  
  55  6:23  Twilight Council  
  55  6:38  Probe  
  56  6:50  Probe  
  56  6:53  Gateway  
  57  6:55  Observer (Chrono Boost)  
  58  7:03  Probe (Chrono Boost)  
  58  7:04  Probe (Chrono Boost)  
  60  7:15  Probe (Chrono Boost)  
  62  7:18  Charge  
  62  7:20  Probe (Chrono Boost)  
  62  7:21  Probe (Chrono Boost)  
  63  7:24  Zealot x2  
  63  7:26  Probe  
  63  7:29  Probe  
  69  7:38  Probe  
  69  7:51  Probe  
  69  7:52  Zealot x2  
  69  7:53  Zealot  
  69  7:57  Probe, Pylon  
  73  8:17  Zealot  
  67  8:21  Gateway  
  67  8:23  Pylon  
  67  8:24  Pylon  
  68  8:27  Gateway  
  68  8:29  Gateway x2  
  68  8:32  Gateway  
  68  8:41  Zealot  
  69  8:45  Pylon  
  66  8:58  Pylon  
  66  9:00  Pylon  
  66  9:02  Dark Shrine, Zealot  
  68  9:08  Templar Archives  
  68  9:09  Assimilator  
  68  9:16  Zealot  
  67  9:23  Zealot x2  
  61  9:25  Zealot x2  
  61  9:29  Zealot  
  67  9:36  Nexus  
  67  9:42  Probe x2  
  69  9:53  Psionic Storm  
  69  9:56  Probe (Chrono Boost)  
  71  10:03  Probe (Chrono Boost), High Templar  
  71  10:07  Assimilator  
  73  10:10  Probe (Chrono Boost)  
  73  10:11  High Templar  
  73  10:13  Probe (Chrono Boost)  
  77  10:20  Probe  
  78  10:22  Forge  
  78  10:25  Probe (Chrono Boost)  
  78  10:26  Forge  
  80  10:38  Probe x2 (Chrono Boost), High Templar  
  83  10:45  Pylon, Dark Templar  
  83  10:47  Probe x2 (Chrono Boost)  
  83  10:48  Probe (Chrono Boost)  
  88  10:55  Dark Templar  
  92  11:02  Probe x2 (Chrono Boost)  
  92  11:04  Probe (Chrono Boost)  
  92  11:09  Probe  
  94  11:11  Assimilator  
  92  11:22  Zealot x5  
  92  11:23  Probe  
Show
View Real Time Build Order
Export as new Build Order

MaSa Terran - Winner!

Build Orders:  

Get SALT Encoding   

  12  0:00  SCV  
  13  0:13  Supply Depot  
  13  0:17  SCV  
  14  0:30  SCV  
  15  0:39  Barracks  
  15  0:41  Refinery  
  15  0:48  Refinery  
  15  0:51  SCV  
  16  1:03  SCV  
  17  1:15  SCV  
  18  1:26  Reaper  
  18  1:28  Orbital Command  
  19  1:37  Factory  
  19  1:44  Supply Depot  
  19  1:57  Bunker  
  19  1:58  Barracks Tech Lab  
  19  2:03  SCV  
  20  2:17  SCV  
  20  2:20  Marauder  
  23  2:29  SCV  
  24  2:31  Concussive Shells  
  24  2:32  Hellion  
  25  2:40  Supply Depot  
  25  2:42  Marauder  
  27  2:45  Starport  
  27  2:49  SCV  
  28  2:55  Hellion  
  30  3:03  SCV  
  31  3:08  Marauder  
  33  3:16  SCV  
  33  3:17  Hellion  
  36  3:23  Supply Depot  
  36  3:28  Medivac  
  37  3:38  SCV  
  38  3:42  Hellion  
  38  3:48  Marauder  
  41  3:50  SCV  
  41  3:54  Supply Depot  
  42  3:58  Starport Tech Lab  
  42  4:02  SCV  
  42  4:09  Marauder  
  44  4:14  SCV  
  45  4:31  Marauder  
  47  4:36  Raven  
  49  4:40  Factory Tech Lab  
  49  4:44  Command Center  
  49  4:52  SCV  
  50  4:58  Barracks  
  50  5:05  Siege Tank  
  53  5:09  SCV  
  54  5:22  SCV  
  54  5:24  Barracks  
  55  5:29  Supply Depot  
  55  5:37  Supply Depot  
  55  5:38  Engineering Bay  
  55  5:44  Starport Reactor  
  55  5:50  SCV, Siege Tank  
  55  5:55  Supply Depot  
  59  5:58  SCV  
  59  6:02  SCV  
  54  6:12  Marine  
  54  6:14  SCV  
  54  6:15  Stimpack  
  56  6:26  Barracks Reactor  
  56  6:27  SCV  
  56  6:32  Terran Infantry Weapons Level 1  
  54  6:34  Orbital Command  
  54  6:35  Missile Turret  
  54  6:39  SCV, Viking  
  49  6:45  Marine  
  50  6:51  Viking  
  50  6:53  SCV  
  53  6:55  Refinery  
  53  7:00  Marine  
  54  7:03  Marine  
  54  7:06  SCV x2  
  55  7:14  Medivac  
  57  7:18  SCV x2, Marine  
  60  7:25  Supply Depot  
  60  7:30  SCV  
  60  7:33  Marine x2, SCV  
  60  7:34  Marine  
  60  7:36  Marine  
  66  7:38  Siege Tank  
  66  7:42  SCV  
  70  7:45  SCV  
  71  7:52  Marine x3  
  71  7:54  Marine, SCV  
  76  7:59  SCV  
  77  8:09  Marine x2  
  79  8:16  Marine x2  
  79  8:18  SCV  
  73  8:22  SCV  
  73  8:26  Command Center, Terran Infantry Armor Level 1  
  74  8:27  Marine x2  
  74  8:33  Marine, Siege Tank  
  74  8:34  Marine  
  81  8:42  SCV  
  81  8:43  SCV  
  81  8:45  Marine, Refinery, Supply Depot  
  81  8:47  Marine  
  85  8:52  Marauder  
  85  8:54  SCV  
  85  8:55  SCV  
  87  9:03  Marine  
  87  9:04  Barracks Tech Lab  
  87  9:06  Barracks, SCV  
  87  9:07  SCV  
  89  9:12  Siege Tank  
  90  9:18  SCV  
  90  9:23  SCV  
  90  9:24  Marine x2, Marauder  
  90  9:30  SCV  
  95  9:34  Supply Depot  
  95  9:35  Medivac  
  96  9:43  Marine x2  
  96  9:45  SCV  
  99  9:48  Widow Mine, Marauder x2, Combat Shield  
  102  9:56  SCV, Supply Depot  
  102  9:57  Supply Depot  
  103  10:03  Barracks Reactor  
  103  10:04  Barracks, SCV  
  103  10:05  Orbital Command  
  104  10:09  SCV  
  104  10:10  Medivac  
  107  10:17  SCV  
  107  10:21  Widow Mine x2, Marauder x2  
  117  10:25  Armory  
  117  10:27  SCV  
  117  10:34  SCV, Engineering Bay  
  118  10:35  SCV  
  118  10:39  SCV  
  120  10:43  Marine x3, Marauder  
  120  10:48  Missile Turret  
  125  10:52  Sensor Tower  
  125  10:55  Medivac  
  127  10:57  Medivac  
  127  10:59  Barracks Reactor  
  127  11:01  SCV  
  130  11:04  Refinery  
  130  11:07  Marauder  
  130  11:10  Ghost Academy  
  132  11:17  Marauder x2, Marine  
Tags
 
Add a new tag
Caveats
  • Supply blocks, unpowered buildings, or Contaminate may cause inaccurate times.
  • Supply counts are checked every 10 seconds.